Map: [ESL] Tropical Sacrifice

Players

Vindicta

  • Race: Terran Terran
  • Spawn Location: 1:00

DisK - Winner!

  • Race: Protoss Protoss
  • Spawn Location: 7:00

Event: DreamHack SC2 Masters 2022 Atlanta (Online)

VOD

Have the link to the VOD?

Description

Time

  • Played on: Oct. 13, 2022, 5:46 p.m.
  • Length: 31:22

All games in this series

Show
View Real Time Build Order
Export as new Build Order

Vindicta Terran 

Build Orders: Cyclone Opening 

Get SALT Encoding   

  12  0:00  SCV  
  13  0:12  SCV  
  14  0:17  Supply Depot  
  14  0:24  SCV  
  15  0:39  SCV  
  15  0:40  Barracks  
  16  0:45  Refinery  
  16  0:51  SCV  
  16  0:55  Refinery  
  17  1:03  SCV  
  18  1:15  SCV  
  19  1:27  Reaper  
  19  1:28  Orbital Command  
  19  1:30  Supply Depot  
  20  1:44  Factory  
  20  1:54  SCV  
  21  2:01  Barracks Reactor  
  21  2:06  SCV  
  22  2:18  SCV  
  23  2:25  Command Center  
  23  2:29  Factory Tech Lab  
  23  2:31  SCV  
  24  2:38  Marine x2  
  26  2:44  Supply Depot  
  26  2:50  Cyclone  
  26  2:51  SCV  
  30  2:55  Marine  
  31  3:05  Marine  
  31  3:06  Starport  
  31  3:13  Marine  
  31  3:16  SCV  
  32  3:23  Marine  
  32  3:25  Cyclone  
  35  3:28  SCV  
  35  3:35  Marine  
  35  3:40  SCV  
  37  3:41  Marine  
  39  3:57  Barracks, Medivac, Siege Tank  
  39  4:01  Orbital Command  
  43  4:05  Marine x2  
  43  4:09  SCV  
  46  4:21  SCV  
  46  4:23  Marine  
  48  4:26  Supply Depot  
  48  4:28  Marine  
  48  4:30  SCV  
  50  4:33  SCV  
  50  4:37  Liberator  
  54  4:47  SCV x2, Marine  
  54  4:49  Supply Depot, Factory Tech Lab  
  57  4:53  Stimpack  
  57  4:54  Marine  
  57  4:59  SCV, Marine  
  60  5:03  SCV  
  59  5:10  Marine  
  59  5:11  SCV  
  56  5:15  Siege Tank  
  51  5:22  SCV, Starport Reactor  
  51  5:23  SCV  
  51  5:25  Marine  
  51  5:26  Engineering Bay, Barracks, Refinery  
  51  5:27  Marine  
  53  5:30  Marine  
  53  5:34  Supply Depot  
  54  5:36  SCV  
  54  5:38  SCV  
  56  5:43  Marine  
  56  5:45  Supply Depot, Marine  
  56  5:48  SCV, Marine  
  59  5:50  SCV  
  59  5:55  Terran Infantry Weapons Level 1  
  59  5:58  Missile Turret  
  59  5:59  Missile Turret  
  59  6:00  Marine  
  59  6:01  SCV  
  59  6:02  Marine  
  59  6:04  SCV  
  63  6:06  Marine  
  64  6:16  SCV  
  64  6:17  Factory Reactor  
  65  6:18  Marine  
  65  6:20  Refinery, Marine  
  65  6:21  Medivac x2  
  65  6:24  SCV  
  65  6:25  Marine  
  73  6:29  SCV  
  71  6:36  Concussive Shells, Marine, SCV  
  71  6:38  Combat Shield  
  71  6:39  Marine x2  
  75  6:42  Marine  
  75  6:45  SCV  
  77  6:49  Missile Turret  
  77  6:52  Supply Depot  
  77  6:54  Marine  
  77  6:55  Widow Mine x2  
  77  6:57  Marauder, Marine  
  85  7:03  Marine  
  86  7:11  Command Center  
  86  7:13  Marine  
  86  7:14  SCV  
  88  7:16  Supply Depot, Marine  
  88  7:18  Marine  
  88  7:19  Widow Mine  
  92  7:26  SCV, Marine  
  93  7:31  Supply Depot, Marine  
  93  7:33  SCV  
  98  7:41  Supply Depot  
  95  7:47  Marine  
  95  7:48  Barracks x2  
  90  7:54  Marine  
  90  7:55  Marauder  
  90  7:56  Widow Mine  
  90  7:57  Terran Infantry Armor Level 1  
  90  7:58  Widow Mine  
  93  8:00  SCV  
  93  8:05  Liberator, Marine  
  94  8:11  Liberator  
  101  8:13  Marine  
  101  8:15  Marine  
  101  8:17  Marine  
  104  8:22  SCV x2  
  106  8:27  Marine  
  107  8:34  SCV x2  
  107  8:39  Orbital Command  
  107  8:40  Barracks Reactor  
  109  8:44  Barracks Tech Lab  
  109  8:46  SCV  
  109  8:47  SCV  
  109  8:48  Marauder  
  113  8:53  Factory Tech Lab  
  115  8:59  SCV x2  
  115  9:01  Marine  
  118  9:05  Refinery x2  
  118  9:07  Viking x2  
  118  9:09  Marauder  
  122  9:11  SCV x2  
  122  9:12  Siege Tank  
  122  9:13  Ghost Academy  
  122  9:15  Marauder, Marine  
  130  9:17  SCV  
  130  9:18  Marine  
  130  9:22  Marine  
  130  9:23  SCV x2  
  135  9:29  SCV  
  138  9:38  Supply Depot  
  138  9:39  Supply Depot  
  138  9:42  Marine x2  
  138  9:43  Marauder x2  
  138  9:44  Enhanced Shockwaves, Siege Tank  
  138  9:45  Ghost  
  139  9:51  Marine x2  
  128  9:54  SCV  
  130  10:00  Marine x2  
  130  10:03  Viking, Ghost  
  130  10:04  Supply Depot, Marine  
  130  10:07  Viking  
  138  10:08  Marine  
  138  10:09  SCV  
  138  10:11  Marine  
  138  10:17  Siege Tank  
  138  10:18  Marine x2  
  145  10:21  Ghost  
  145  10:32  Command Center, Ghost  
  147  10:43  Engineering Bay, Bunker, Armory  
  147  10:46  SCV x2  
  149  10:50  Ghost  
  149  10:51  Medivac x2  
  149  10:55  Missile Turret  
  149  10:56  Siege Tank  
  154  10:57  Marauder, Marine  
  154  10:58  Supply Depot  
  154  10:59  Marine x2  
  154  11:01  SCV  
  160  11:05  Marauder, Marine  
  162  11:14  Marine  
  162  11:17  Marine  
  165  11:18  Supply Depot x2  
  165  11:22  Medivac  
  165  11:24  Liberator  
  172  11:28  Missile Turret, Siege Tank  
  172  11:31  Terran Infantry Weapons Level 2  
  172  11:33  Supply Depot  
  172  11:36  SCV  
  172  11:38  Terran Ship Weapons Level 1  
  173  11:40  Marine  
  173  11:44  Supply Depot  
  173  11:46  SCV  
  175  11:47  SCV  
  175  11:49  SCV  
  175  11:51  Missile Turret  
  175  11:54  Marauder, Marine  
  180  11:58  Marauder  
  182  12:06  Marine  
  182  12:07  Marauder  
  185  12:11  Planetary Fortress  
  185  12:16  Sensor Tower  
  185  12:21  Missile Turret  
  185  12:23  Refinery x2, Missile Turret x3  
  185  12:25  Liberator  
  186  12:31  Supply Depot  
  186  12:32  Marauder  
  186  12:34  Marine  
  186  12:35  Marine  
  186  12:36  Marauder  
  192  12:42  SCV  
  192  12:43  Missile Turret  
  193  12:44  Marine x2  
  193  12:50  Terran Infantry Armor Level 2  
  195  12:54  Barracks x2  
  195  12:55  Barracks  
  195  12:56  Siege Tank  
  198  13:07  Missile Turret  
  198  13:08  Marauder  
  200  13:45  Terran Ship Weapons Level 2  
  200  13:46  Barracks Tech Lab x2, Starport, Marine x2, Marauder x2  
  200  13:49  Terran Infantry Weapons Level 3, Fusion Core  
  199  14:01  Liberator  
  198  14:03  Marine  
  198  14:06  Barracks Tech Lab  
  198  14:09  Marine  
  193  14:32  Marauder  
  193  14:34  Siege Tank  
  193  14:35  Marauder x2, Marine x2  
  193  14:37  Advanced Ballistics  
  198  14:42  Marauder, Marine  
  198  14:44  Starport Reactor  
  198  14:45  Command Center, Medivac  
  198  14:48  Command Center  
  198  14:51  Ghost  
  180  14:53  Marine  
  180  14:54  Liberator, Marauder, Marine  
  180  14:59  Marine  
  185  15:00  Marauder x2, Marine  
  185  15:03  SCV  
  185  15:04  SCV, Marine  
  185  15:05  Marauder  
  185  15:06  Siege Tank  
  192  15:15  Viking  
  192  15:17  Marine x2  
  199  15:28  Terran Infantry Armor Level 3  
  199  15:31  Liberator  
  199  15:32  Personal Cloaking  
  199  15:40  Sensor Tower  
  199  15:43  Orbital Command  
  199  15:45  Armory  
  199  15:46  Ghost Academy  
  199  15:48  Ghost Academy  
  199  15:56  Rapid Reignition System  
  190  16:16  Liberator x2  
  193  16:21  Nuke  
  193  16:23  Terran Vehicle And Ship Armor Level 1  
  193  16:24  Planetary Fortress  
  193  16:26  Ghost  
  193  16:30  Liberator  
  193  16:31  Ghost  
  200  16:35  Missile Turret, Terran Ship Weapons Level 3  
  198  16:59  Viking, Marine x2  
  198  17:00  Nuke  
  200  17:02  Sensor Tower  
  200  17:04  Refinery  
  200  17:05  SCV, Missile Turret  
  200  17:06  Refinery  
  200  17:08  Missile Turret  
  198  17:10  Missile Turret x2  
  198  17:13  Viking  
  200  17:18  Planetary Fortress  
  197  17:37  Liberator  
  200  17:50  Marauder  
  199  18:11  SCV  
  199  18:12  Ghost  
  195  18:14  Command Center, Marine  
  198  18:24  Liberator  
  196  18:28  Liberator  
  196  18:32  Nuke x2  
  196  18:33  Terran Vehicle And Ship Armor Level 2  
  197  18:37  Missile Turret  
  197  18:38  Missile Turret  
  199  18:45  Orbital Command  
  199  18:46  Ghost  
  199  18:50  Missile Turret  
  199  18:58  Liberator  
  199  19:00  Refinery  
  198  19:03  Ghost  
  200  19:16  Command Center  
  200  19:17  Command Center  
  200  19:21  Command Center x2  
  200  19:30  Sensor Tower, Orbital Command  
  196  19:39  Ghost  
  196  19:44  Liberator  
  185  19:48  Marine  
  185  19:49  Marauder  
  185  19:50  Marine  
  173  19:54  SCV  
  173  19:56  Marine  
  172  20:01  Nuke  
  172  20:05  Marine  
  162  20:08  Ghost  
  162  20:09  SCV, Marine  
  162  20:10  SCV  
  162  20:11  SCV  
  162  20:13  SCV  
  165  20:15  SCV  
  164  20:24  Marine x2  
  157  20:37  Orbital Command x2  
  157  20:42  Ghost  
  157  20:47  Marine x2  
  157  20:49  Marine  
  162  20:53  Marauder, Marine  
  162  20:54  Orbital Command  
  162  20:56  Nuke  
  163  21:01  Marine  
  163  21:02  Sensor Tower  
  163  21:04  Marine  
  165  21:05  Marine  
  165  21:06  Marine  
  167  21:16  Planetary Fortress  
  167  21:26  Refinery  
  167  21:27  Missile Turret  
  167  21:28  Missile Turret  
  167  21:30  Sensor Tower  
  165  21:39  Liberator, Marine  
  150  21:40  Marauder  
  150  21:41  Liberator  
  150  21:43  Marauder  
  150  21:44  Marine  
  150  21:46  Nuke  
  154  21:50  Marauder  
  154  21:51  SCV  
  159  21:54  Marine  
  159  21:59  SCV x3  
  159  22:00  SCV  
  164  22:02  Marine  
  164  22:04  Marine  
  164  22:05  Marine  
  164  22:06  Marine  
  164  22:08  Nuke  
  168  22:12  Marine x2  
  168  22:13  Marauder x2  
  173  22:20  Marine  
  173  22:22  Marine  
  177  22:23  Marine  
  177  22:24  Viking, Marine  
  177  22:28  Viking  
  177  22:29  Viking  
  182  22:30  SCV, Marine  
  182  22:36  Nuke  
  184  22:39  Viking  
  184  22:42  Marauder  
  183  22:45  Marauder  
  183  22:47  Marauder  
  183  22:49  Marauder  
  189  22:55  Marauder  
  189  22:58  Marauder, Marine x2  
  191  22:59  Marine  
  191  23:02  Marine  
  191  23:03  Ghost  
  176  23:06  Viking, Marauder  
  176  23:08  Marine  
  176  23:10  Marine  
  182  23:15  Viking  
  182  23:16  Marauder, Marine x2  
  184  23:20  Nuke  
  184  23:23  Marine x2  
  184  23:24  Marauder  
  184  23:26  Marine  
  189  23:32  Viking x2  
  189  23:33  Marine  
  195  23:34  Ghost  
  195  23:39  Ghost  
  197  23:47  Liberator  
  200  24:03  Command Center  
  200  24:07  Nuke  
  200  24:08  Nuke  
  191  24:26  Marauder  
  191  24:27  Liberator x3  
  191  24:29  Marauder  
  191  24:30  Liberator  
  191  24:39  Marauder, Marine  
  193  25:04  Marine  
  193  25:05  Marauder  
  193  25:06  Marine  
  199  25:07  Marauder  
  197  25:26  Liberator  
  197  25:28  Liberator x2, Marine  
  193  25:33  Command Center  
  193  25:35  Command Center, Sensor Tower  
  199  25:42  Liberator  
  200  25:45  Neosteel Armor  
  200  25:46  Terran Vehicle And Ship Armor Level 3  
  200  25:48  Planetary Fortress  
  200  25:50  Command Center  
  200  26:03  Orbital Command  
  200  26:09  Liberator  
  189  26:16  SCV x2  
  189  26:17  Liberator, SCV  
  185  26:20  Marine  
  185  26:21  Marauder  
  188  26:29  Liberator, Marine  
  192  26:33  Liberator, Missile Turret  
  192  26:34  Refinery, Missile Turret  
  195  26:41  Marine  
  195  26:42  SCV  
  195  26:46  SCV x3  
  226  26:47  Orbital Command  
  200  26:51  Liberator  
  200  26:53  Marine  
  185  26:56  Marauder x2  
  185  27:00  Liberator  
  192  27:03  Marauder, Orbital Command  
  194  27:12  Liberator, SCV  
  175  27:34  Liberator  
  174  27:42  Planetary Fortress  
  174  27:43  SCV, Marine x2  
  167  27:53  Medivac  
  167  28:02  Medivac  
  167  28:03  SCV x2  
  165  28:06  SCV x2  
  165  28:07  SCV x2  
  169  28:13  Medivac  
  160  28:31  Marauder, Marine  
  160  28:32  Marauder x2, Marine  
  160  28:33  Marine  
  155  28:42  Marauder, Marine  
  155  28:43  Marine  
  155  28:44  Marine  
  119  28:49  Marine  
  119  28:51  Hi-Sec Auto Tracking  
  119  28:53  Marine  
  101  28:57  SCV  
  103  29:08  SCV x2  
  105  29:12  Marine x2  
  110  29:23  Marine  
  109  29:24  Liberator  
  109  29:29  Marine  
  109  29:30  Marauder, Marine  
  110  29:32  SCV x2, Marine x2  
  110  29:33  Marine  
  110  29:36  Marine  
  110  29:37  Marine x2  
  115  29:47  Marine  
  115  29:52  Marauder  
  115  29:54  Marine x2  
  115  29:56  Marine  
  115  30:05  Ghost  
  115  30:07  SCV  
  114  30:12  Marine, Ghost  
  104  30:29  SCV  
  104  30:30  Marine  
  104  30:33  Marine  
  107  30:37  Orbital Command  
  107  30:41  Marine  
  108  30:46  SCV x2  
  108  30:48  Marine  
  108  30:51  Marine  
  108  30:58  Marine  
Show
View Real Time Build Order
Export as new Build Order

DisK Protoss - Winner!

Build Orders: 1 Gate Expand, Oracle Opening, Phoenix Opening 

Get SALT Encoding   

  12  0:00  Probe  
  13  0:12  Probe  
  14  0:18  Pylon  
  14  0:24  Probe  
  15  0:36  Gateway  
  15  0:37  Probe (Chrono Boost)  
  16  0:46  Probe (Chrono Boost)  
  16  0:47  Assimilator  
  17  0:51  Probe (Chrono Boost)  
  18  1:03  Probe  
  19  1:15  Probe  
  20  1:23  Cybernetics Core  
  20  1:35  Nexus  
  20  1:37  Probe  
  21  1:45  Pylon  
  21  1:50  Assimilator  
  21  1:54  Probe  
  22  2:00  Adept (Chrono Boost)  
  22  2:06  Probe  
  24  2:18  Probe  
  24  2:20  Stargate  
  25  2:25  Adept (Chrono Boost)  
  27  2:30  Probe  
  28  2:42  Probe  
  29  2:48  Probe  
  29  2:50  Adept (Chrono Boost)  
  32  2:54  Probe  
  32  2:56  Shield Battery  
  33  3:01  Probe  
  34  3:06  Oracle (Chrono Boost), Probe  
  38  3:13  Probe  
  38  3:18  Probe  
  39  3:26  Probe  
  40  3:32  Probe  
  39  3:34  Pylon  
  39  3:39  Probe  
  40  3:43  Phoenix, Gateway  
  40  3:46  Warp Gate  
  40  3:47  Probe (Chrono Boost)  
  43  3:51  Probe (Chrono Boost)  
  44  3:58  Robotics Facility  
  44  3:59  Probe (Chrono Boost), Assimilator  
  44  4:02  Probe (Chrono Boost)  
  46  4:05  Probe (Chrono Boost)  
  46  4:07  Assimilator  
  46  4:09  Probe  
  47  4:13  Probe  
  47  4:16  Phoenix  
  51  4:21  Probe  
  51  4:24  Pylon  
  52  4:26  Probe  
  53  4:34  Stalker x2  
  54  4:42  Probe x2  
  54  4:44  Pylon  
  54  4:45  Phoenix  
  58  4:54  Probe x2  
  64  5:20  Pylon  
  62  5:31  Nexus, Robotics Bay  
  62  5:32  Immortal  
  62  5:33  Pylon  
  62  5:38  Phoenix, Probe x2  
  62  5:42  Pylon  
  66  5:50  Probe  
  66  5:53  Probe  
  68  5:59  Twilight Council  
  68  6:00  Forge  
  68  6:01  Sentry  
  68  6:02  Pylon  
  70  6:05  Gateway  
  70  6:06  Gateway  
  70  6:07  Probe x2  
  72  6:12  Phoenix  
  71  6:20  Probe x2  
  71  6:24  Shield Battery  
  71  6:25  Protoss Ground Weapons Level 1  
  73  6:33  Colossus (Chrono Boost)  
  79  6:42  Charge (Chrono Boost)  
  79  6:48  Probe  
  79  6:49  Probe  
  79  6:50  Probe  
  79  6:53  Sentry  
  84  7:00  Probe  
  85  7:01  Probe, Pylon  
  85  7:02  Probe  
  85  7:12  Probe, Stalker x3  
  85  7:14  Probe  
  93  7:20  Pylon  
  93  7:23  Colossus (Chrono Boost)  
  99  7:31  Stalker  
  99  7:36  Stalker x2  
  100  7:39  Stalker  
  97  7:58  Probe x3  
  100  7:59  Pylon  
  100  8:01  Photon Cannon, Assimilator  
  100  8:02  Assimilator  
  100  8:05  Pylon  
  100  8:07  Zealot  
  100  8:10  Probe x3  
  105  8:13  Colossus (Chrono Boost)  
  105  8:15  Extended Thermal Lance (Chrono Boost)  
  111  8:22  Probe  
  111  8:24  Shield Battery  
  111  8:25  Probe  
  111  8:30  Probe  
  111  8:31  Zealot x2  
  116  8:34  Protoss Ground Weapons Level 2 (Chrono Boost)  
  116  8:39  Zealot x2  
  120  8:52  Gateway  
  120  8:53  Zealot  
  120  8:54  Zealot, Gateway  
  124  8:58  Shield Battery  
  124  8:59  Observer  
  124  9:00  Probe x2  
  124  9:01  Stalker x2  
  131  9:08  Probe  
  132  9:13  Templar Archives  
  132  9:18  Pylon  
  132  9:19  Pylon x2  
  130  9:40  Stalker  
  130  9:41  Stalker x3  
  118  9:55  Probe x3  
  119  10:00  Blink (Chrono Boost)  
  119  10:10  Zealot x2, High Templar x4  
  130  10:14  Archon  
  130  10:15  Archon  
  130  10:24  Pylon  
  126  10:36  Nexus  
  126  10:39  High Templar  
  126  10:40  High Templar  
  130  10:44  Zealot x4, Archon, Protoss Ground Armor Level 1 (Chrono Boost)  
  130  10:49  Gateway  
  138  10:51  Gateway  
  138  10:54  Warp Prism  
  138  11:05  Zealot x3  
  138  11:06  Zealot  
  146  11:11  Pylon  
  146  11:14  Forge  
  146  11:15  Robotics Facility  
  146  11:19  Stalker  
  146  11:22  Stalker  
  150  11:29  Disruptor (Chrono Boost)  
  153  11:41  Probe x3  
  153  11:46  Stalker x3, Pylon  
  162  11:47  Pylon  
  162  11:49  Probe  
  162  11:53  Probe  
  164  12:00  Photon Cannon  
  164  12:04  Shield Battery  
  164  12:06  Disruptor x2 (Chrono Boost)  
  170  12:16  Dark Shrine, Probe x4  
  174  12:28  Protoss Ground Armor Level 2 (Chrono Boost)  
  174  12:31  Probe x4  
  178  12:38  Pylon  
  178  12:41  Disruptor x2 (Chrono Boost)  
  184  12:47  Zealot x4  
  184  12:48  Stalker  
  194  13:04  Protoss Ground Weapons Level 3 (Chrono Boost)  
  194  13:10  Zealot x3  
  200  13:25  Assimilator  
  200  13:26  Pylon  
  200  13:29  Assimilator  
  196  13:40  Zealot x3  
  199  13:44  Zealot  
  197  13:55  Zealot x4  
  191  14:12  Zealot x4  
  193  14:38  Zealot x7  
  138  15:00  Zealot x8  
  138  15:01  Disruptor (Chrono Boost)  
  138  15:06  Disruptor (Chrono Boost)  
  160  15:10  Gateway x2  
  160  15:12  Gateway  
  160  15:13  Nexus  
  160  15:14  Gateway  
  160  15:15  Pylon  
  160  15:16  Pylon  
  160  15:21  Shadow Stride (Chrono Boost), Dark Templar x5  
  166  15:26  Protoss Ground Armor Level 3 (Chrono Boost)  
  170  15:41  Zealot x2  
  170  15:42  Zealot  
  171  16:04  Stalker x2  
  171  16:05  Stalker x4  
  159  16:19  Protoss Shields Level 1 (Chrono Boost)  
  159  16:30  Photon Cannon  
  159  16:31  Probe x4, Photon Cannon  
  163  16:33  Photon Cannon  
  163  16:34  Probe  
  163  16:35  Shield Battery  
  163  16:36  Shield Battery  
  164  16:41  Zealot x3, Dark Templar x3  
  164  16:42  Zealot x4  
  164  16:43  Probe x2  
  164  16:45  Disruptor x2 (Chrono Boost)  
  168  17:17  Disruptor x2 (Chrono Boost)  
  174  17:23  Dark Templar x9  
  192  17:32  Nexus  
  192  17:42  Pylon  
  192  17:44  Pylon  
  156  18:25  Zealot x9  
  156  18:26  Disruptor, Zealot  
  156  18:27  Disruptor  
  175  18:34  Photon Cannon  
  175  18:35  Gravitic Drive (Chrono Boost)  
  175  18:37  Photon Cannon  
  175  18:38  Shield Battery  
  175  18:39  Shield Battery  
  171  18:59  Dark Templar x2  
  171  19:00  Dark Templar x8  
  191  19:03  Disruptor  
  191  19:04  Observer  
  195  19:15  Probe x5  
  200  19:24  Gravitic Boosters  
  160  19:51  Zealot x12  
  160  19:52  Disruptor x2  
  123  20:10  Probe x3  
  122  20:15  Zealot x3  
  122  20:16  Zealot x9  
  122  20:17  Probe x3  
  149  20:22  Probe x2  
  149  20:38  Disruptor x2 (Chrono Boost)  
  150  20:57  Stalker x6  
  150  20:59  Probe  
  150  21:00  Probe x4  
  167  21:05  Assimilator  
  167  21:06  Colossus x2 (Chrono Boost), Assimilator  
  167  21:46  Zealot x12  
  179  21:55  Observer (Chrono Boost)  
  179  21:56  Observer (Chrono Boost), Probe x4  
  179  21:57  Probe x2  
  187  22:13  Probe x2  
  187  22:14  Probe x3  
  187  22:15  Probe  
  184  22:29  Zealot x2  
  188  22:31  Stalker x3  
  190  22:52  Disruptor x2  
  191  23:19  Stalker x9  
  199  23:23  Probe  
  200  23:31  Pylon  
  200  23:35  Pylon  
  200  23:37  Nexus  
  200  23:39  Pylon  
  190  24:18  Pylon  
  170  24:35  Disruptor x2 (Chrono Boost)  
  161  24:43  Probe x6  
  173  24:49  Probe  
  174  24:55  Probe x3  
  176  25:07  Zealot x12  
  162  25:30  Disruptor (Chrono Boost)  
  162  25:31  Dark Templar x12  
  162  25:35  Observer (Chrono Boost)  
  190  25:41  Probe x5  
  188  26:12  Zealot x6  
  198  26:29  Nexus  
  198  26:31  Pylon  
  196  26:51  Stalker x4  
  150  27:40  Stalker x12  
  150  27:42  Disruptor x2 (Chrono Boost)  
  174  28:08  Stalker  
  174  28:09  Zealot x5, Stalker x6  
  196  28:26  Disruptor x2 (Chrono Boost)  
  165  28:54  Zealot x12  
  185  28:59  Observer x2  
  187  29:29  Stalker x3  
  187  29:30  Stalker x3  
  199  29:53  Shield Battery  
  199  29:55  Observer  
  199  29:56  Shield Battery x2  
  199  29:58  Shield Battery, Pylon  
  199  29:59  Pylon  
  197  30:05  Observer x2 (Chrono Boost)  
  199  30:07  Pylon  
  199  30:08  Nexus  
Tags
 
Add a new tag
Caveats
  • Supply blocks, unpowered buildings, or Contaminate may cause inaccurate times.
  • Supply counts are checked every 10 seconds.